 Dungeon Crawl Stone Soup version 0.31-a0-162-gc4c5a43528 (webtiles) character file.

Game seed: 4000317284042760735

207 qw the Shooter (level 5, -2/33 HPs)
             Began as a Gargoyle Hunter on June 12, 2023.
             Slain by a gnoll
             ... wielding a +0 spear
             ... led by a gnoll bouda
              (4 damage)
             ... on level 4 of the Dungeon.
             The game lasted 00:00:58 (1824 turns).

qw the Shooter (Gargoyle Hunter)                    Turns: 1824, Time: 00:00:59

Health: -2/33      AC: 11    Str: 17    XL:     5   Next: 85%
Magic:  5/5        EV: 16    Int: 12    God:
Gold:   149        SH:  0    Dex: 15    Spells: 4/4 levels left

rFire   . . .        Y - +0 shortbow
rCold   . . .        (shield currently unavailable)
rNeg    + . .        a - +3 leather armour of the Alphagorgon {Will+ Str+3 Int+2 Slay+3}
rPois   inf          (no helmet)
rElec   +            (no cloak)
rCorr   .            e - +0 pair of gloves
SInv    .            (no boots)
Will    +....        (no amulet)
Stlth   ++           g - +5 ring of evasion
HPRegen 0.25/turn    (no ring)
MPRegen 0.09/turn

%: no passive effects
@: no status effects
A: sickness immunity, AC +4, negative energy resistance 1, electricity
resistance, torment resistance 1, petrification resistance
a: no special abilities


You were on level 4 of the Dungeon.
You visited 1 branch of the dungeon, and saw 4 of its levels.

You collected 188 gold pieces.
You spent 39 gold pieces at shops.


Innate Abilities, Weirdness & Mutations

You are immune to sickness and miasma.
Your stone body is resilient. (AC +4)
You are immune to poison.
You resist negative energy. (rN+)
You are resistant to electric shocks. (rElec)
You are resistant to unholy torment.
You are immune to petrification.


   Skills:
 + Level 3.7 Fighting
 - Level 6.0 Ranged Weapons
 - Level 1.4 Armour
 - Level 1.5 Dodging
 - Level 1.1 Stealth


You had 4 spell levels left.
You didn't know any spells.
Your spell library was empty.

Inventory:

Hand Weapons
 Y - a +0 shortbow (weapon)
Armour
 a - the +3 leather armour of the Alphagorgon (worn) {Will+ Str+3 Int+2 Slay+3}
   (You found it on level 2 of the Dungeon)

   Str:       It affects your strength (+3).
   Int:       It affects your intelligence (+2).
   Slay:      It affects your accuracy & damage with ranged weapons and melee
   (+3).
   Will:      It increases your willpower.
 e - a +0 pair of gloves (worn)
Jewellery
 g - a +5 ring of evasion (left hand)
Potions
 b - a potion of resistance {unknown}
 c - a potion of curing {unknown}
 d - a potion of ambrosia {unknown}
 h - a potion of mutation {unknown}
 i - a potion of invisibility {unknown}

Dungeon Overview and Level Annotations

Branches:
Dungeon (4/15)
 Temple: D:4-7

Altars:
Uskayaw

Shops:
D:1 !   D:4 *:


Message History

The gnoll closely misses you. The gnoll barely misses you.
You shoot an arrow.
The arrow hits the gnoll but does no damage.
Your attacks no longer feel as feeble.
The gnoll closely misses you. The gnoll hits you but does no damage.
The gnoll hits you from afar with a +0 spear. x2
You shoot an arrow. The arrow hits the gnoll!
The gnoll is severely wounded.
The gnoll hits you but does no damage. x2; The gnoll misses you.
You shoot an arrow. The arrow barely misses the gnoll.
The gnoll barely misses you. x2; The gnoll hits you but does no damage.
The gnoll hits you with a +0 whip.
You shoot an arrow.
The arrow hits the gnoll but does no damage.
The gnoll is severely wounded.
The gnoll hits you from afar with a +0 spear!
The gnoll hits you from afar with a +0 spear.
The gnoll closely misses you.
You shoot an arrow. The arrow closely misses the gnoll.
The gnoll barely misses you.
The gnoll hits you from afar with a +0 spear.
The gnoll completely misses you.
You shoot an arrow. The arrow hits the gnoll.
You kill the gnoll!
The gnoll is no longer moving quickly.
The gnoll closely misses you. x2
You shoot an arrow. The arrow hits the gnoll.
The gnoll is moderately wounded.
The gnoll is no longer moving quickly.
The gnoll closely misses you. x2
The gnoll misses you.
You shoot an arrow. The arrow hits the gnoll.
The gnoll is severely wounded.
The gnoll misses you.
The gnoll hits you from afar with a +0 spear.
You shoot an arrow. The arrow barely misses the gnoll.
The gnoll hits you but does no damage.
The gnoll hits you from afar with a +0 spear.
The gnoll hits you but does no damage.
You shoot an arrow. The arrow closely misses the gnoll.
The gnoll hits you from afar with a +0 spear. x2
You die...

#.# #.# #)###
# #.>. .
#..#.# #gg#.#
#))..####
#####@....?..
#.%......####
#.###......#
#.# ##..##?#
#.# ..# # #.#
..# #.# ...
#.# #.#. #.#
.##.


You could see 2 gnolls.

Vanquished Creatures
  A scorpion (D:4)
  An orc priest (D:4)
  A gnoll bouda (D:4)
  2 gnolls (D:4)
  An adder (D:1)
  A worm (D:3)
  2 dart slugs (D:1)
  2 orcs (D:4)
  6 bats
  5 endoplasms
  3 giant cockroaches (D:2)
  5 goblins
  5 hobgoblins
  2 jackals (D:1)
  2 quokkas (D:1)
  6 ball pythons
  3 frilled lizards (D:1)
  2 kobolds (D:1)
  10 rats
60 creatures vanquished.

Notes
Turn   | Place    | Note
-------+----------+-------------------------------------------
     0 | D:1      | qw the Gargoyle Hunter began the quest for the Orb.
     0 | D:1      | Reached XP level 1. HP: 12/12 MP: 1/1
     0 | D:1      | 0 ||| qw: Version: 0.2-a-29-gc1b59c4
     0 | D:1      | 0 ||| qw: Game counter: 4377
     0 | D:1      | 0 ||| qw: Always use a shield: true
     0 | D:1      | 0 ||| qw: God list: Okawaru
     0 | D:1      | 0 ||| qw: Allow faded altars: false
     0 | D:1      | 0 ||| qw: Do Orc after D:15 true
     0 | D:1      | 0 ||| qw: Do second Lair branch before Depths: true
     0 | D:1      | 0 ||| qw: Lair rune preference: random
     0 | D:1      | 0 ||| qw: Plans: Normal, Zot:1-4, Slime:5, God:TSO, Crypt,
                  | Tomb, Abyss, Pan, Hells, Win
     0 | D:1      | 0 ||| PLANNING D:1-11
    30 | D:1      | 30 ||| FLEEEEING.
    70 | D:1      | Reached XP level 2. HP: 17/17 MP: 2/2
   424 | D:1      | Reached XP level 3. HP: 21/21 MP: 3/3
   443 | D:1      | Found Wizxolot's Distillery.
   451 | D:1      | 451 ||| SHOPLISTING potion of curing (42 gold, have 31).
   451 | D:1      | 451 ||| SHOPLISTING potion of haste (140 gold, have 31).
   451 | D:1      | 451 ||| SHOPLISTING potion of heal wounds (70 gold, have
                  | 31).
   451 | D:1      | 451 ||| SHOPLISTING potion of magic (112 gold, have 31).
   451 | D:1      | 451 ||| SHOPLISTING potion of resistance (140 gold, have
                  | 31).
   571 | D:1      | Reached skill level 5 in Ranged Weapons
   748 | D:1      | 748 ||| UPGRADING to +0 pair of gloves.
   753 | D:1      | 753 ||| UPGRADING to +0 ring mail.
   763 | D:1      | 763 ||| DROPPING +0 leather armour.
   764 | D:1      | 764 ||| READING scroll labelled SAPNAN EWYUCO.
   765 | D:1      | 765 ||| DRINKING 2 yellow potions.
   766 | D:1      | 766 ||| DRINKING 3 white potions.
   767 | D:1      | 767 ||| DROPPING scroll of butterflies.
   768 | D:1      | 768 ||| DROPPING potion of degeneration.
   769 | D:1      | 769 ||| DROPPING 2 potions of enlightenment.
   785 | D:2      | 785 ||| STAIRDANCE
   852 | D:2      | 852 ||| STAIRDANCE
   863 | D:1      | Reached skill level 1 in Armour
   887 | D:2      | Identified the +3 leather armour of the Alphagorgon {Will+
                  | Str+3 Int+2 Slay+3}
  1042 | D:2      | Reached XP level 4. HP: 27/27 MP: 4/4
  1097 | D:2      | Found a faded altar of an unknown god.
  1180 | D:2      | 1180 ||| UPGRADING to +3 leather armour of the Alphagorgon
                  | {Will+ Str+3 Int+2 Slay+3}.
  1190 | D:2      | 1190 ||| DROPPING +0 ring mail.
  1191 | D:2      | 1191 ||| UPGRADING to +5 ring of evasion.
  1192 | D:2      | 1192 ||| READING scroll labelled BOLIEM JILADD.
  1193 | D:2      | 1193 ||| DRINKING 2 brown potions.
  1417 | D:3      | Reached skill level 3 in Fighting
  1459 | D:3      | Found a hide-covered altar of Uskayaw.
  1667 | D:3      | 1667 ||| READING scroll labelled QUSUSTR PEARO.
  1668 | D:3      | 1668 ||| READING 2 scrolls labelled KAATEMA LANG.
  1669 | D:3      | 1669 ||| DROPPING scroll of revelation.
  1696 | D:4      | Found Oneigob's General Store.
  1701 | D:4      | 1701 ||| SHOPLISTING +2 hat of the Lair of Beasts {rPois
                  | rF+ Dex-5} (282 gold, have 188).
  1701 | D:4      | 1701 ||| BUYING scroll of teleportation (39 gold).
  1701 | D:4      | Bought a scroll of teleportation for 39 gold pieces
  1701 | D:4      | 1701 ||| SHOPLISTING wand of digging (4) (218 gold, have
                  | 149).
  1732 | D:4      | 1732 ||| FLEEEEING.
  1749 | D:4      | HP: 7/28 [orc priest/divine providence (12)]
  1750 | D:4      | 1750 ||| READING scroll of teleportation.
  1751 | D:4      | 1751 ||| DRINKING potion of heal wounds.
  1774 | D:4      | Noticed a scorpion
  1794 | D:4      | Killed a scorpion
  1795 | D:4      | Reached skill level 6 in Ranged Weapons
  1795 | D:4      | Reached XP level 5. HP: 32/32 MP: 5/5
  1798 | D:4      | Found Wuamuti's Book Emporium.
  1819 | D:4      | HP: 8/32 [gnoll/+0 spear[a gnoll bouda] (4)]
  1823 | D:4      | HP: 3/33 [gnoll/+0 spear[a gnoll bouda] (1)]
  1824 | D:4      | Slain by a gnoll

Levels and vault maps discovered:
D:1:      minmay_arrival_solitary_statue, layout_basic, serial_shops,
          shop_statue
D:2:      layout_rooms, hellmonk_ecumenical_altar_heavens_door
D:3:      layout_basic, nicolae_uskayaw_dance_hall
D:4:      layout_loops_ring, amcnicky_altar_gilded,
          minmay_temple_entry_nine_rooms, serial_shops, shop, shop

Skill      XL: |  1  2  3  4 |
---------------+-------------+-----
Ranged Weapons | 5 6 |  6.0
Armour         | 1 |  1.4
Fighting       | 3 |  3.7
Dodging        | |  1.5
Stealth        | |  1.1

Action                     |  1- 3 |  4- 6 || total
---------------------------+-------+-------++-------
   Fire: Shortbow          |   141 |    87 ||   228
    Use: Potion            |     2 |     2 ||     4
         Scroll            |     1 |     4 ||     5
 Armour: Leather armour    |     9 |    20 ||    29
         Ring mail         |    51 |       ||    51
  Dodge: Dodged            |    80 |    44 ||   124

Table legend:
 A = Non-vault XP
 B = Vault XP
 C = Vault XP percentage of total XP
 D = Non-vault monster count
 E = Vault monster count
 F = Vault count percentage of total count
                 A         B        C        D         E       F
            +---------+---------+-------+---------+---------+-------
      Total |     296 |       0 |   0.0 |      60 |       0 |   0.0
            +---------+---------+-------+---------+---------+-------
        D:1 |      65 |       0 |   0.0 |      32 |       0 |   0.0
        D:2 |      23 |       0 |   0.0 |      16 |       0 |   0.0
        D:3 |      10 |       0 |   0.0 |       4 |       0 |   0.0
        D:4 |     198 |       0 |   0.0 |       8 |       0 |   0.0
            +---------+---------+-------+---------+---------+-------
